 Dungeon Crawl Stone Soup version 0.18.1-48-g4cf74bf (webtiles) character file.

2251 Ferkelamun the Cleaver (level 9, -3/64 HPs)
             Began as a Formicid Fighter on Aug 12, 2016.
             Was an Elder of Qazlal.
             Slain by a wyvern (10 damage)
             ... on level 10 of the Dungeon.
             The game lasted 00:18:25 (7054 turns).

Ferkelamun the Cleaver (Formicid Fighter)           Turns: 7054, Time: 00:18:25

Health: -3/64      AC:  9    Str: 28    XL:     9   Next: 64%
Magic:  9/9        EV:  9    Int:  8    God:    Qazlal [****..]
Gold:   123        SH: 22    Dex: 11    Spells: 0 memorised, 8 levels left

rFire  . . .     SeeInvis +     a - +0 war axe
rCold  . . .     Gourm    .     b - +0 scale mail
rNeg   . . .     Faith    .     c - +1 shield
rPois  .         Spirit   .     (helmet unavailable)
rElec  .         Dismiss  .     m - +0 cloak
rCorr  .         Reflect  +     k - +0 pair of gloves
SustAt .         Harm     .     (no boots)
MR     .....                    y - +5 amulet of reflection
Stlth  ..........               (no ring)
                                (no ring)

@: mighty, repel missiles, not resistant to hostile enchantments, extremely
unstealthy
A: permanent stasis, dig shafts and tunnels, four strong arms, antennae 3
a: Dig, Shaft Self, Upheaval, Elemental Force, Renounce Religion


You were on level 10 of the Dungeon.
You worshipped Qazlal.
Qazlal was greatly pleased with you.
You were not hungry.

You visited 2 branches of the dungeon, and saw 9 of its levels.

You collected 123 gold pieces.

Inventory:

Hand Weapons
 a - a +0 war axe (weapon)
 q - a +2 whip of electrocution
 z - a +1 halberd of flaming
Armour
 b - a +0 scale mail (worn)
 c - a +1 shield (worn)
 k - a +0 pair of gloves (worn)
 m - a +0 cloak (worn)
 p - a +0 chain mail
Jewellery
 w - an uncursed ring of stealth {unknown}
 y - a +5 amulet of reflection (around neck)
Wands
 x - a wand of slowing (46/48)
Scrolls
 e - 2 scrolls of identify
Potions
 j - a potion of flight {unknown}
 l - a potion of ambrosia
 r - a potion of magic
 s - a potion of curing {unknown}
 t - a potion of cancellation {unknown}
 u - 3 potions of brilliance
Comestibles
 f - 8 bread rations
 g - a slice of pizza
 h - 3 meat rations
 n - 2 beef jerkies
 v - 6 fruits
 A - 6 chunks of flesh


   Skills:
 - Level 3.2 Fighting
 - Level 11.3 Axes
 - Level 3.2 Armour
 + Level 6.5 Shields


You had 8 spell levels left.
You didn't know any spells.

Dungeon Overview and Level Annotations

Branches:
Dungeon (7/15)             Temple (1/1) D:4

Altars:
Ashenzari
Cheibriados
Dithmenos
Fedhas
Gozag
Kikubaaqudgha
Makhleb
Nemelex Xobeh
Okawaru
Pakellas
Qazlal
Ru
Sif Muna
Trog
Vehumet
Yredelemnul

Annotations:
D:4 Mizofix's ghost, novice OgBe
D:7 Prince Ribbit


Innate Abilities, Weirdness & Mutations

You are under a permanent stasis effect.
You can dig through walls and to a lower floor.
Your four strong arms can wield two-handed weapons with a shield.
You have a pair of large antennae on your head (SInv).


Message History

Charge which item? (? for menu, Esc to quit)
Your wand of slowing {zapped: 3} glows for a moment.
Evoke which item? (* to show all) (? for menu, Esc to quit)
Zapping:
x - a wand of slowing {recharged} (will waste charges)
Press: ? - help, Shift-Dir - straight line, f - wyvern
Aim: a wyvern (chance to defeat MR: 51%)
The wyvern seems to slow down.
Evoking this partially-identified wand wasted a few charges.
The wyvern is engulfed in roaring flames.
You hit the wyvern.
The wyvern is heavily wounded.
The wyvern completely misses you.
Drink which item? (? for menu, Esc to quit)
You feel very mighty all of a sudden. The wyvern bites you.
* * * LOW HITPOINT WARNING * * *
You completely miss the wyvern.
The wyvern is heavily wounded.
The wyvern bites you!
You die...

#....≈≈≈≈
#....≈≈≈≈
#........ ###
#....≈... ...
+........ #.#
#........ #.#
#........ #.#
#........ #@#
#........
#l###§.......
#............
#############


You could see a wyvern.

Vanquished Creatures
  Joseph (D:7)
  The ghost of amentoraz the Cudgeler, a novice DsAK of Lugonu (D:5)
  A black bear (D:6)
  An ogre (D:6)
  A giant frog (D:6)
  2 gnoll sergeants (D:6)
  A water moccasin skeleton (D:4)
  2 crimson imps (D:6)
  A howler monkey (D:6)
  A giant frog zombie (D:5)
  A quasit (D:6)
  4 hounds
  A wasp zombie (D:7)
  2 gnoll shamans (D:6)
  An orc priest (D:5)
  4 orc wizards
  Jessica (D:2)
  Crazy Yiuf (D:2)
  A hound zombie (D:5)
  44 gnolls
  5 adders
  4 oozes
  2 adder skeletons
  2 worms
  3 dart slugs
  5 giant geckos
  22 orcs
  3 ball pythons
  A giant cockroach (D:1)
  15 hobgoblins
  18 jackals
  5 kobolds (D:2)
  3 quokkas
  10 bats
  A giant gecko zombie (D:6)
  2 giant newts
  7 goblins
  A quokka zombie (D:5)
  9 rats
  A plant (D:6)
191 creatures vanquished.

Notes
Turn   | Place    | Note
--------------------------------------------------------------
     0 | D:1      | Ferkelamun the Formicid Fighter began the quest for the Orb.
     0 | D:1      | Reached XP level 1. HP: 18/18 MP: 1/1
   145 | D:1      | Reached XP level 2. HP: 20/24 MP: 2/2
   263 | D:1      | Reached skill level 3 in Axes
   567 | D:1      | Reached XP level 3. HP: 29/29 MP: 3/3
   983 | D:2      | Noticed Crazy Yiuf
   995 | D:2      | Killed Crazy Yiuf
   995 | D:2      | Reached skill level 4 in Axes
   995 | D:2      | Reached XP level 4. HP: 18/35 MP: 4/4
  1179 | D:2      | Found a blossoming altar of Fedhas.
  1187 | D:2      | Found a stormy altar of Qazlal.
  1200 | D:2      | Became a worshipper of Qazlal Stormbringer
  1411 | D:2      | Noticed Jessica
  1418 | D:2      | Killed Jessica
  1418 | D:2      | Reached XP level 5. HP: 41/41 MP: 5/5
  1718 | D:2      | Reached skill level 5 in Axes
  1817 | D:2      | Reached * piety under Qazlal
  2367 | D:3      | Found a sacrificial altar of Ru.
  2704 | D:3      | Reached XP level 6. HP: 39/47 MP: 6/6
  3161 | D:3      | Found a snail-covered altar of Cheibriados.
  3196 | D:3      | Reached skill level 6 in Axes
  3428 | D:4      | Found a staircase to the Ecumenical Temple.
  3437 | Temple   | Entered the Ecumenical Temple
  3893 | D:4      | Noticed Mizofix's ghost (novice OgBe)
  4378 | D:4      | Found a sparkling altar of Nemelex Xobeh.
  4384 | D:4      | Reached ** piety under Qazlal
  4565 | D:5      | Entered Level 5 of the Dungeon
  4843 | D:5      | Reached skill level 7 in Axes
  4843 | D:5      | Reached XP level 7. HP: 49/52 MP: 7/7
  5255 | D:5      | Found an oddly glowing altar of Pakellas.
  5395 | D:5      | Noticed amentoraz's ghost (novice DsAK)
  5470 | D:5      | Killed amentoraz's ghost
  5470 | D:5      | Reached skill level 8 in Axes
  5470 | D:5      | Reached XP level 8. HP: 49/58 MP: 8/8
  5664 | D:6      | Reached skill level 9 in Axes
  5830 | D:6      | Reached *** piety under Qazlal
  6024 | D:6      | Reached skill level 10 in Axes
  6165 | D:6      | Reached XP level 9. HP: 56/64 MP: 9/9
  6235 | D:6      | Reached **** piety under Qazlal
  6409 | D:6      | Reached skill level 11 in Axes
  6662 | D:6      | Found a stormy altar of Qazlal.
  6898 | D:7      | Noticed Joseph
  6902 | D:7      | Killed Joseph
  6985 | D:7      | Noticed Prince Ribbit
  6998 | D:7      | HP: 2/64 [Prince Ribbit (15)]
  7000 | D:7      | You fall through a shaft for 3 floors!
  7000 | D:10     | Entered Level 10 of the Dungeon
  7054 | D:10     | Slain by a wyvern

Skill      XL: |  1  2  3  4  5  6  7  8  9 |
---------------+----------------------------+-----
Axes           | 3 4 5 7 8 10 11 | 11.3
Shields        | 6 |  6.5
Fighting       | |  3.2
Armour         | |  3.2

Action                   |  1- 3 |  4- 6 |  7- 9 || total
-------------------------+-------+-------+-------++-------
Melee: War axe           |    61 |   268 |   330 ||   659
 Abil: Dig               |     1 |       |       ||     1
       Shaft Self        |       |       |     1 ||     1
Evoke: Wand              |       |       |     2 ||     2
  Use: Scroll            |       |    10 |     2 ||    12
       Potion            |       |       |     1 ||     1
  Eat: Chunk             |       |    13 |     8 ||    21
Armor: Scale mail        |    14 |    99 |    77 ||   190
Dodge: Dodged            |    20 |    85 |    63 ||   168
Block: Shield            |    26 |   144 |   313 ||   483
       Reflection        |       |       |     1 ||     1
